 Dungeon Crawl Stone Soup version 0.29.0-11-gd7f09526c8 (webtiles) character file.

Game seed: 12208620032410455444

27895 Flugkiller the Severer (level 13, 0/117 HPs)
             Began as a Minotaur Fighter on Sept 6, 2022.
             Was a High Priest of Okawaru.
             Slain by a 12-headed hydra (9 damage)
             ... on level 4 of the Lair of Beasts.
             The game lasted 00:07:44 (16945 turns).

Flugkiller the Severer (Minotaur Fighter)          Turns: 16945, Time: 00:07:45

Health: 0/117      AC: 22    Str: 27    XL:     13   Next: 6%
Magic:  18/18      EV:  5    Int:  5    God:    Okawaru [*****.]
Gold:   1021       SH: 22    Dex: 15    Spells: 12/12 levels left

rFire   . . .      SeeInvis .   b - +12 broad axe of War {holy, rN+}
rCold   . . .      Faith    .   N - +0 tower shield
rNeg    + . .      Spirit   .   I - +0 plate armour
rPois   .          Reflect  +   B - +2 hat
rElec   .          Harm     .   (no cloak)
rCorr   .          Rampage  .   v - +1 pair of gloves
Will    .....                   E - +1 pair of boots
Stlth   ..........              r - amulet of reflection
HPRegen 0.29/turn               (no ring)
MPRegen 0.16/turn               y - +6 ring of strength

@: no status effects
A: horns 2, retaliatory headbutt
a: Renounce Religion, Heroism, Finesse, Duel


You were on level 4 of the Lair of Beasts.
You worshipped Okawaru.
Okawaru was extremely pleased with you.
You visited 3 branches of the dungeon, and saw 16 of its levels.

You collected 1021 gold pieces.

Inventory:

Hand Weapons
 b - the +12 broad axe of War (weapon) {holy, rN+}
   (You found it on level 11 of the Dungeon)

   It has been blessed by the Shining One to cause great damage to the undead
   and demons.
   rN:        It protects you from negative energy.
 D - a +0 broad axe of flaming
   (You took it off Maggie on level 7 of the Dungeon)
 L - a +2 short sword of distortion
   (You took it off Sonja on level 4 of the Lair of Beasts)
Missiles
 c - a throwing net (quivered)
Armour
 n - a +0 buckler
 v - a +1 pair of gloves (worn)
   (You found it on level 3 of the Dungeon)
 B - a +2 hat (worn)
   (You found it on level 6 of the Dungeon)
 C - the +1 pair of gloves of Jois {rC+ Will+ Str-5}
   (Okawaru gifted it to you on level 1 of the Lair of Beasts)

   Str:       It affects your strength (-5).
   rC:        It protects you from cold.
   Will:      It increases your willpower.
 E - a +1 pair of boots (worn)
   (You found it on level 7 of the Dungeon)
 I - a +0 plate armour (worn)
   (You took it off an orc warrior on level 9 of the Dungeon)
 N - a +0 tower shield (worn)
   (You found it on level 1 of the Dungeon)
Jewellery
 i - a ring of see invisible
   (You found it on level 1 of the Lair of Beasts)
 r - an amulet of reflection (around neck)
   (You found it on level 1 of the Lair of Beasts)
 y - a +6 ring of strength (right hand)
   (You found it on level 4 of the Dungeon)
 J - a ring of wizardry
   (You found it on level 1 of the Lair of Beasts)
Wands
 g - a wand of digging (7)
   (You found it on level 3 of the Lair of Beasts)
 j - a wand of paralysis (13)
   (You found it on level 7 of the Dungeon)
 p - a wand of iceblast (17)
   (You took it off Ijyb on level 3 of the Dungeon)
 A - a wand of light (48)
   (You took it off a centaur on level 6 of the Dungeon)
Scrolls
 t - 2 scrolls of teleportation
 x - a scroll of fog
 z - a scroll of blinking
 F - 2 scrolls of enchant weapon
 H - a scroll of silence
 K - a scroll of brand weapon
Potions
 d - 2 potions of might
 e - 4 potions of ambrosia
 f - 2 potions of magic
 h - 4 potions of mutation
 k - 4 potions of flight {unknown}
 l - 4 potions of haste {unknown}
 m - 3 potions of berserk rage
 o - 2 potions of lignification
 q - 5 potions of curing
 s - a potion of resistance {unknown}
 u - 4 potions of degeneration {unknown}
 w - 2 potions of heal wounds
 G - a potion of brilliance {unknown}
 P - a potion of cancellation {unknown}


   Skills:
 + Level 11.8 Fighting
 * Level 15.6 Axes
 + Level 11.6 Armour
 + Level 11.5 Shields
 + Level 8.8 Invocations


You had 12 spell levels left.
You didn't know any spells.
Your spell library was empty.

Dungeon Overview and Level Annotations

Branches:
Dungeon (11/15)            Temple (1/1) D:4            Lair (4/5) D:9
 Shoals (0/4) Lair:2       Spider (0/4) Lair:3        Slime (0/5) Lair:4
    Orc (0/2) D:9

Altars:
Ashenzari
Cheibriados
Dithmenos
Elyvilon
Fedhas
Gozag
Hepliaklqana
Kikubaaqudgha
Makhleb
Nemelex Xobeh
Okawaru
Qazlal
Ru
Sif Muna
Trog
Uskayaw
Vehumet
Wu Jian
Xom
Yredelemnul
Zin
Jiyva

Shops:
D:5 (*

Annotations:
D:6 2 runed translucent doors, AmberJosephineLiu's ghost, novice HuDe
Lair:1 2 transporters
Lair:3 2 transporters, exclusion: oklob plant, Feulaj's ghost, journeyman MiBe


Innate Abilities, Weirdness & Mutations

You have a pair of horns on your head.
You reflexively headbutt those who attack you in melee.


Message History

A black mamba comes into view.
Found 2 potions of curing.
The black mamba hisses angrily.
A black mamba is nearby!
A black mamba is nearby!
An eight-headed hydra comes into view.
The eight-headed hydra roars!
You block the black mamba's attack.
You barely miss the black mamba. You headbutt the black mamba!
The black mamba is moderately wounded.
The black mamba bites you but does no damage.
You block the black mamba's attack.
You hit the black mamba.
The black mamba is moderately wounded.
You block the black mamba's attack.
The black mamba bites you but does no damage.
You slice the black mamba!!
The black mamba is almost dead.
You block the black mamba's attack. x2
You slash the black mamba!
You kill the black mamba!
Okawaru accepts your kill.
You block the eight-headed hydra's attack. x3
The eight-headed hydra bites you!
The eight-headed hydra bites you but does no damage.
The eight-headed hydra bites you.
The eight-headed hydra bites you but does no damage.
The eight-headed hydra barely misses you.
You barely miss the eight-headed hydra. The eight-headed hydra bites you. x2
You block the eight-headed hydra's attack.
The eight-headed hydra bites you but does no damage. x2
The eight-headed hydra bites you!
You block the eight-headed hydra's attack.
The eight-headed hydra barely misses you.
You slice one of the eight-headed hydra's heads off!
The seven-headed hydra grows two more!
You slash the nine-headed hydra!
The nine-headed hydra is lightly wounded.
You block the nine-headed hydra's attack.
The nine-headed hydra bites you but does no damage.
You block the nine-headed hydra's attack. x2
The nine-headed hydra barely misses you.
The nine-headed hydra bites you but does no damage.
You block the nine-headed hydra's attack.
The nine-headed hydra bites you. x2
You lop one of the nine-headed hydra's heads off!
The eight-headed hydra grows two more!
You slice the ten-headed hydra!! You headbutt the ten-headed hydra!
The ten-headed hydra is heavily wounded.
You block the ten-headed hydra's attack. x2
The ten-headed hydra bites you but does no damage. x3
The ten-headed hydra bites you. x2
The ten-headed hydra completely misses you.
The ten-headed hydra bites you but does no damage.
You block the ten-headed hydra's attack.
You lop one of the ten-headed hydra's heads off!
The nine-headed hydra grows two more!
You slash the 11-headed hydra! You headbutt the 11-headed hydra.
The 11-headed hydra is severely wounded.
The 11-headed hydra bites you but does no damage. x2
You block the 11-headed hydra's attack.
The 11-headed hydra bites you but does no damage. x2
The 11-headed hydra bites you! You block the 11-headed hydra's attack.
The 11-headed hydra bites you but does no damage.
You block the 11-headed hydra's attack. The 11-headed hydra bites you!
You block the 11-headed hydra's attack.
You barely miss the 11-headed hydra.
The 11-headed hydra is severely wounded.
The 11-headed hydra bites you but does no damage.
You block the 11-headed hydra's attack. x2; The 11-headed hydra bites you!
The 11-headed hydra bites you but does no damage. x2
The 11-headed hydra bites you. You block the 11-headed hydra's attack.
The 11-headed hydra bites you. x2
* * * LOW HITPOINT WARNING * * *
You block the 11-headed hydra's attack.
You are too injured to fight recklessly!
You are too injured to fight recklessly!
You are too injured to fight recklessly!
You slice one of the 11-headed hydra's heads off!
The ten-headed hydra grows two more!
You slash the 12-headed hydra!
The 12-headed hydra is severely wounded.
The 12-headed hydra bites you but does no damage.
You block the 12-headed hydra's attack. x4
The 12-headed hydra bites you but does no damage.
The 12-headed hydra bites you!
* * * LOW HITPOINT WARNING * * *
The 12-headed hydra bites you but does no damage. x4
The 12-headed hydra bites you.
* * * LOW HITPOINT WARNING * * *
You barely miss the 12-headed hydra.
Your headbutt misses the 12-headed hydra.
The 12-headed hydra is severely wounded.
You block the 12-headed hydra's attack. x3; The 12-headed hydra bites you!
* * * LOW HITPOINT WARNING * * *
The 12-headed hydra bites you.
* * * LOW HITPOINT WARNING * * *
The 12-headed hydra bites you but does no damage.
The 12-headed hydra barely misses you.
You block the 12-headed hydra's attack. x2
The 12-headed hydra bites you but does no damage. x2
The 12-headed hydra bites you!
You die...

,,,,,****** #...........####...
,,,,***,,,* ##.........###P....
,,,,*,*,,,* #P.........#.##....
,***,*,,,,* ##...........P.....
** **,,,,.*#*#####.^.............
****,,,,,..#.#.##.#..##.#........
**,*,,,,,......P#.....###........
,,,,,,,,,..!.......##.....#......
,,,,,,,,,......D@..#...#..##.....
,,*,**,,,...#...#..#......###....
,,,****,,,*,###....#.#.....#.....
,,*,**,,,,,**#...................
,,,********,*###.##....>....#....
,,,** *** ###....._.........
,,,,** #.....#.....#..... ***,,*
##.##......###...# ,,,,**
#..##.....###..##


You could see a 12-headed hydra.

Vanquished Creatures
  3 hydras (D:11)
  A boulder beetle (D:11)
  2 catoblepae (Lair:3)
  3 two-headed ogres
  3 death yaks (Lair:3)
  The ghost of DKP the Summoner, a journeyman DESu of Sif Muna (D:11)
  Sonja (Lair:4)
  Pikel (D:5)
  A gargoyle (D:10)
  An eye of devastation (Lair:4)
  5 black mambas
  4 cane toads
  A komodo dragon (Lair:3)
  Maggie (D:7)
  An unseen horror (D:11)
  2 rime drakes (Lair:3)
  3 trolls
  2 polar bears
  6 dream sheep (Lair:3)
  4 blink frogs (Lair:3)
  A snapping turtle (Lair:2)
  2 shadows
  20 yaks
  A wraith (D:10)
  3 wyverns
  2 basilisks (Lair:1)
  Grum (D:8)
  2 steam dragons (Lair:3)
  A redback (Lair:3)
  2 acid dragons
  A floating eye (Lair:4)
  8 water moccasins
  2 orc warriors
  2 black bears (D:5)
  2 ice beasts
  An ogre (D:7)
  6 centaurs
  11 wolves
  4 lemures (D:5)
  2 kobold brigands
  A gnoll sergeant (D:7)
  8 bullfrogs
  6 scorpions
  20 wights
  9 killer bees (D:9)
  2 electric eels (Lair:2)
  5 hounds
  An orc priest (D:8)
  4 jellies
  4 iguanas
  2 gnoll boudas
  Ijyb (D:3)
  Natasha (thrice) (D:3)
  12 orc wizards
  21 gnolls
  11 adders
  A shadow imp (D:5)
  A white imp (D:8)
  2 ufetubi (D:5)
  2 worms (D:2)
  A dart slug (D:2)
  30 orcs
  14 ball pythons
  8 bats
  4 endoplasms
  4 giant cockroaches
  5 goblins
  7 hobgoblins
  11 jackals (D:1)
  19 kobolds
  5 quokkas
  A frilled lizard (D:3)
  3 rats
348 creatures vanquished.

Vanquished Creatures (others)
  7 fungi
  7 plants
14 creatures vanquished.

Grand Total: 362 creatures vanquished

Notes
Turn   | Place    | Note
-------+----------+-------------------------------------------
     0 | D:1      | Flugkiller the Minotaur Fighter began the quest for the
                  | Orb.
     0 | D:1      | Reached XP level 1. HP: 19/19 MP: 0/0
   209 | D:1      | Reached XP level 2. HP: 26/27 MP: 1/1
   210 | D:1      | Reached skill level 3 in Axes
   348 | D:1      | Reached XP level 3. HP: 32/33 MP: 2/2
   708 | D:1      | Found a faded altar of an unknown god.
  1032 | D:2      | Found a glowing silver altar of Zin.
  1156 | D:2      | Reached skill level 4 in Axes
  1156 | D:2      | Reached XP level 4. HP: 9/40 MP: 3/3
  1176 | D:3      | Noticed Natasha
  1182 | D:3      | Killed Natasha
  1735 | D:3      | Noticed Ijyb
  1746 | D:3      | Killed Ijyb
  1747 | D:3      | Reached XP level 5. HP: 44/47 MP: 4/4
  2379 | D:3      | Noticed Natasha
  2383 | D:3      | Killed Natasha
  2384 | D:3      | Reached skill level 5 in Axes
  2802 | D:3      | Noticed Natasha
  2807 | D:3      | Killed Natasha
  2808 | D:3      | Reached XP level 6. HP: 46/55 MP: 5/5
  3026 | D:4      | Found a staircase to the Ecumenical Temple.
  3032 | D:4      | Identified the +9 long sword "Impslayer" {holy, rPois rN+
                  | SInv}
  3072 | Temple   | Entered the Ecumenical Temple
  3156 | Temple   | Became a worshipper of Warmaster Okawaru
  3191 | D:4      | Reached skill level 5 in Fighting
  3194 | D:4      | Reached skill level 5 in Armour
  3559 | D:4      | Reached skill level 1 in Invocations
  4200 | D:4      | Reached skill level 6 in Axes
  4202 | D:4      | Reached skill level 5 in Shields
  4202 | D:4      | Reached XP level 7. HP: 54/61 MP: 6/6
  4310 | D:5      | Entered Level 5 of the Dungeon
  4363 | D:5      | Noticed Pikel
  4376 | D:5      | Killed Pikel
  4376 | D:5      | Reached * piety under Okawaru
  4377 | D:5      | Reached skill level 7 in Axes
  4377 | D:5      | Reached XP level 8. HP: 31/70 MP: 8/8
  4633 | D:5      | Noticed a two-headed ogre
  4986 | D:5      | Reached skill level 8 in Axes
  5038 | D:5      | Reached ** piety under Okawaru
  5234 | D:5      | Found Deuhon's Elemental Accessories.
  5247 | D:5      | Found Tial's Weapon Shoppe.
  5426 | D:5      | Identified the +4 sling "Laasad" {vorpal, rC+ Will+ Dex+4}
  5785 | D:6      | Reached XP level 9. HP: 74/79 MP: 10/10
  5980 | D:6      | Reached skill level 9 in Axes
  6213 | D:6      | Found a runed translucent door.
  6219 | D:6      | Noticed AmberJosephineLiu's ghost (novice HuDe)
  6235 | D:6      | Found a shimmering blue altar of Sif Muna.
  6238 | D:6      | Found a burning altar of Makhleb.
  6275 | D:6      | Found an ancient bone altar of Kikubaaqudgha.
  6317 | D:6      | Found a sparkling altar of Nemelex Xobeh.
  6317 | D:6      | Found a bloodstained altar of Trog.
  6345 | D:6      | Found a runed translucent door.
  6353 | D:6      | Found a stormy altar of Qazlal.
  6358 | D:6      | Found a blossoming altar of Fedhas.
  6781 | D:7      | Reached *** piety under Okawaru
  6963 | D:7      | Reached skill level 10 in Axes
  7269 | D:7      | Noticed Maggie
  7275 | D:7      | Killed Maggie
  7402 | D:7      | Reached skill level 5 in Invocations
  7600 | D:7      | Reached **** piety under Okawaru
  7601 | D:7      | Reached XP level 10. HP: 86/88 MP: 12/12
  8064 | D:8      | Found a radiant altar of Vehumet.
  8078 | D:8      | Identified the +3 rapier of Agony {vamp, rElec MP-9 SInv
                  | Stlth+}
  8080 | D:8      | Noticed Grum
  8084 | D:8      | Received a gift from Okawaru
  8087 | D:8      | Killed Grum
  8445 | D:8      | Reached skill level 11 in Axes
  8846 | D:8      | Found a white marble altar of Elyvilon.
  9477 | D:9      | Found a staircase to the Orcish Mines.
  9558 | D:9      | Reached skill level 12 in Axes
  9742 | D:9      | Noticed a two-headed ogre
  9754 | D:9      | Killed a two-headed ogre
 10013 | D:9      | Found an ornate altar of the Wu Jian Council.
 10059 | D:9      | Reached XP level 11. HP: 92/97 MP: 14/14
 10221 | D:9      | Found a staircase to the Lair.
 10354 | D:10     | Entered Level 10 of the Dungeon
 10359 | D:10     | Noticed a two-headed ogre
 10365 | D:10     | Killed a two-headed ogre
 10365 | D:10     | Reached ***** piety under Okawaru
 10409 | D:10     | Received a gift from Okawaru
 10521 | D:10     | Found a shimmering altar of Xom.
 10523 | D:10     | Noticed a two-headed ogre
 10529 | D:10     | Killed a two-headed ogre
 11289 | D:11     | Reached skill level 13 in Axes
 11321 | D:11     | Noticed a boulder beetle
 11339 | D:11     | Killed a boulder beetle
 11340 | D:11     | Reached skill level 10 in Fighting
 11774 | D:11     | Received a gift from Okawaru
 11831 | D:11     | Noticed a +0 dagger
 11833 | D:11     | Noticed a +0 hand axe
 11856 | D:11     | Noticed an eight-headed hydra
 11865 | D:11     | Killed a four-headed hydra
 12026 | D:11     | Found a runed translucent gate.
 12027 | D:11     | Found a runed translucent gate.
 12028 | D:11     | Found a runed translucent gate.
 12028 | D:11     | Noticed a nine-headed hydra
 12028 | D:11     | Noticed DKP's ghost (journeyman DESu)
 12029 | D:11     | Noticed a ten-headed hydra
 12035 | D:11     | Reached skill level 10 in Armour
 12044 | D:11     | Killed a five-headed hydra
 12045 | D:11     | Reached skill level 10 in Shields
 12046 | D:11     | Killed a four-headed hydra
 12053 | D:11     | Killed DKP's ghost
 12057 | D:11     | Identified the +12 broad axe of War {holy, rN+}
 12263 | D:11     | Identified the +5 quarterstaff of Qesalaow {freeze, rElec}
 12437 | D:11     | Found a hide-covered altar of Uskayaw.
 12545 | Lair:1   | Entered Level 1 of the Lair of Beasts
 12852 | Lair:1   | Identified the +0 leather armour "Otily" {rC+ Str+2}
 12957 | Lair:1   | Identified the +1 pair of gloves of Jois {rC+ Will+ Str-5}
                  | (Okawaru gifted it to you on level 1 of the Lair of Beasts)
 12957 | Lair:1   | Received a gift from Okawaru
 13127 | Lair:1   | Found a transporter.
 13137 | Lair:1   | Reached XP level 12. HP: 41/107 MP: 16/16
 13515 | Lair:1   | Found a transporter.
 13539 | Lair:1   | Reached skill level 14 in Axes
 14460 | Lair:2   | Found a staircase to the Shoals.
 15104 | Lair:3   | Noticed Feulaj's ghost (journeyman MiBe)
 15151 | Lair:3   | Noticed a death yak
 15151 | Lair:3   | Noticed a death yak
 15152 | Lair:3   | Noticed a death yak
 15153 | Lair:3   | Found a transporter.
 15155 | Lair:3   | Noticed a catoblepas
 15158 | Lair:3   | Killed a death yak
 15173 | Lair:3   | Killed a death yak
 15187 | Lair:3   | Killed a catoblepas
 15192 | Lair:3   | Killed a death yak
 15193 | Lair:3   | Reached skill level 15 in Axes
 15472 | Lair:3   | Found a transporter.
 15492 | Lair:3   | Identified the +0 plate armour of Exclusion {*Slow Int+5}
                  | (Okawaru gifted it to you on level 3 of the Lair of Beasts)
 15492 | Lair:3   | Received a gift from Okawaru
 15619 | Lair:3   | Found a hole to the Spider Nest.
 15678 | Lair:3   | Noticed a catoblepas
 15695 | Lair:3   | Killed a catoblepas
 16676 | Lair:4   | Found a staircase to the Slime Pits.
 16679 | Lair:4   | Found a viscous altar of Jiyva.
 16712 | Lair:4   | Noticed Sonja
 16719 | Lair:4   | Killed Sonja
 16720 | Lair:4   | Reached XP level 13. HP: 104/117 MP: 18/18
 16945 | Lair:4   | Slain by a 12-headed hydra

Illustrated notes

Levels and vault maps discovered:
D:1:      lightli_arrival_maybe_door_vault, layout_basic,
          shapermc_ecumenical_altar_mp_vishouse, minmay_misc_feat_cross
D:2:      layout_basic, basic_altar
D:3:      layout_rooms, uniq_natasha, uniq_ijyb
D:4:      layout_layer_cave, minmay_temple_entry_offerings
D:5:      cheibrodos_fzero, layout_gridville, serial_shops,
          nicolae_shop_behind_doors, nicolae_elemental_shop, uniq_pikel
D:6:      layout_loops_ring, grunt_temple_overflow_forces_of_nature,
          marbit_many_paths, gammafunk_temple_overflow_pools,
          nicolae_overflow_squiral, ebering_ghost_sewer_f
D:7:      layout_gridville, roderic_lattice_a, uniq_maggie
D:8:      layout_rooms, mainiacjoe_overflow_alcove_4,
          nicolae_overflow_hidden_temple, uniq_grum
D:9:      layout_cave_pools, nzn_wu_jian_council_hall,
          grunt_lair_entry_orc_guard_hut, orc_0_dummy, serial_column_ruins,
          column_ruins_hut, column_ruins_grid_3, column_ruins_corridor_plus,
          column_ruins_corridor_straight, column_ruins_open_tiny,
          column_ruins_open_tiny, minmay_liquid_box, serial_park_tiny_pond
D:10:     layout_cave_pools, mainiacjoe_overflow_catwalk, st_stairs_12
D:11:     layout_loops_corners, gammafunk_ghost_hydra_chop,
          dancing_weapons_uskayaw
Temple:   compressed_dpeg_circular_temple
Lair:1:   gammafunk_cloud_chamber, layout_regular_city,
          infiniplex_staircase_pool, lemuel_fruit_fields
Lair:2:   layout_big_grid, minmay_shoals_entry_hut,
          hangedman_lair_unloving_vines
Lair:3:   layout_chaotic_city, spider_nest_entry_webs, gammafunk_ghost_hive,
          grunt_megastairs_5
Lair:4:   layout_cave_pods, minmay_slime_entry_eyes, minmay_holes, worms_lemuel,
          grunt_megastairs_2, uniq_sonja

Skill      XL: |  1  2  3  4  5  6  7  8  9 10 11 12 |
---------------+-------------------------------------+-----
Axes           | 3 4 5 6 7 8 10 12 13 15 | 15.6
Fighting       | 4 5 6 7 8 9 10 11 | 11.8
Armour         | 4 5 6 8 9 10 11 | 11.6
Shields        | 4 5 6 7 9 10 11 | 11.5
Invocations    | 1 2 3 5 6 7 8 |  8.8

Action                   |  1- 3 |  4- 6 |  7- 9 | 10-12 | 13-15 || total
-------------------------+-------+-------+-------+-------+-------++-------
Melee: War axe           |    76 |    27 |   161 |       |       ||   264
       Headbutt          |    11 |    25 |    45 |    98 |     6 ||   185
       Hand axe          |       |   112 |     6 |       |       ||   118
       Broad axe         |       |       |    32 |   368 |    22 ||   422
Invok: Heroism           |       |       |       |    17 |       ||    17
       Finesse           |       |       |       |     1 |       ||     1
Evoke: Wand              |       |       |       |     1 |       ||     1
  Use: Scroll            |       |       |    13 |     6 |       ||    19
 Stab: Petrified         |       |       |       |     3 |       ||     3
       Paralysed         |       |       |       |     2 |       ||     2
Armor: Scale mail        |    35 |    64 |   107 |    61 |       ||   267
       Plate armour      |       |       |       |   163 |    30 ||   193
Dodge: Dodged            |    28 |    36 |    55 |    68 |     5 ||   192
Block: Buckler           |     3 |       |       |     4 |       ||     7
       Tower shield      |    43 |   114 |   200 |   377 |    44 ||   778
       Reflection        |       |       |       |     2 |       ||     2
